 Dungeon Crawl Stone Soup version 0.19.4-8-ga85b6b9 (webtiles) character file.

113 empire the Digger (level 4, -7/25 HPs)
             Began as a Gargoyle Earth Elementalist on Feb 10, 2017.
             Was an Initiate of Sif Muna.
             Mangled by TryAgain's ghost (9 damage)
             ... in a sewer.
             The game lasted 00:06:11 (2051 turns).

empire the Digger (Gargoyle Earth Elementalist)     Turns: 2051, Time: 00:06:12

Health: -7/25      AC:  6    Str: 11    XL:     4   Next: 96%
Magic:  5/8        EV: 12    Int: 22    God:    Sif Muna [......]
Gold:   104        SH:  2    Dex: 10    Spells: 3 memorised, 2 levels left

rFire  . . .     SeeInvis .     b - 30 stones
rCold  . . .     Gourm    .     X - +0 robe
rNeg   + . .     Faith    .     (no shield)
rPois  ∞         Spirit   .     (no helmet)
rElec  +         Reflect  +     Z - +0 cloak (curse)
rCorr  .         Harm     .     (no gloves)
MR     .....                    (no boots)
Stlth  ++........               j - +2 amulet of reflection
                                (no ring)
                                (no ring)

@: brilliant
A: negative energy resistance 1, electricity resistance, unbreathing, evolution
1, petrification resistance, rot immunity, AC +3
a: Renounce Religion


You were in a sewer.
You worshipped Sif Muna.
Sif Muna was noncommittal.
You were not hungry.

You visited 1 branch of the dungeon, and saw 3 of its levels.
You also visited: Sewer.

You collected 104 gold pieces.

Inventory:

Hand Weapons
 a - a +0 mace
 g - a +0 vampiric short sword
 l - a +2 whip of draining
 s - a +0 flail
Missiles
 b - 30 stones (in hand)
Armour
 k - a +0 chain mail
 X - a +0 robe (worn)
 Z - a cursed +0 cloak (worn)
Jewellery
 j - a +2 amulet of reflection (around neck)
Scrolls
 f - 2 scrolls of recharging
 i - 3 scrolls of enchant weapon {unknown}
 q - a scroll of remove curse
 u - a scroll of identify
Potions
 r - a potion of ambrosia {unknown}
 t - a potion of might {unknown}
Books
 e - a book of Geomancy

   Spells                             Type                      Level
   a - Sandblast                      Earth                        1
   b - Passwall                       Transmutation/Earth          2
   c - Stone Arrow                    Conjuration/Earth            3
   d - Petrify                        Transmutation/Earth          4
   e - Lee's Rapid Deconstruction     Earth                        5
Comestibles
 c - 2 fruits
 d - a bread ration
 h - a meat ration
 n - 3 chunks of flesh
 o - a beef jerky


   Skills:
 - Level 1.3 Fighting
 - Level 1.3 Maces & Flails
 + Level 1.9 Armour
 - Level 1.5 Dodging
 - Level 2.1 Stealth
 + Level 2.7 Spellcasting
 + Level 0.9 Conjurations
 + Level 1.2 Transmutations
 + Level 4.2 Earth Magic


You had 2 spell levels left.
You knew the following spells:

 Your Spells              Type           Power        Failure   Level  Hunger
a - Sandblast             Erth           ####..       1%          1    None
b - Passwall              Tmut/Erth      ####......   1%          2    ##.....
c - Stone Arrow           Conj/Erth      ####..       1%          3    ###....


Dungeon Overview and Level Annotations

Branches:
Dungeon (3/15)

Altars:
Sif Muna

Annotations:
Sewer TryAgain's ghost, weakling DDFi


Innate Abilities, Weirdness & Mutations

You are resistant to torment.
Your stone body is resilient. (AC +3)
You are immune to poison.
You resist negative energy. (rN+)
You are resistant to electric shocks. (rElec)
You can survive without breathing.
You are immune to petrification.
You are immune to rotting.
You evolve.


Message History

The rocky blast hits TryAgain's ghost.
TryAgain's ghost is heavily damaged.
TryAgain's ghost hits you but does no damage.
Casting: Sandblast
Confirm with . or Enter, or press ? or * to list all spells.
Aiming: Sandblast
Press: ? - help, Shift-Dir - straight line, f/p - TryAgain's ghost
Aim: TryAgain's ghost (heavily damaged)
The rocky blast hits TryAgain's ghost.
TryAgain's ghost is severely damaged.
TryAgain's ghost misses you.
Casting: Sandblast
Confirm with . or Enter, or press ? or * to list all spells.
Aiming: Sandblast
Press: ? - help, Shift-Dir - straight line, f/p - TryAgain's ghost
Aim: TryAgain's ghost (severely damaged)
The rocky blast hits TryAgain's ghost.
TryAgain's ghost is severely damaged.
TryAgain's ghost hits you!
You die...

#∩#
#.#
#∩#
#.#
#.#
#.#
#.#
#.#
#@#
#W#
#≈#
#≈#
#≈#
#≈#
#≈#
#≈#
#≈#


You could see TryAgain's ghost.

Vanquished Creatures
  4 gnolls (D:3)
  A river rat (Sewer)
  A worm (D:2)
  3 dart slugs (D:2)
  2 leopard geckos
  7 bats
  5 giant cockroaches (D:3)
  2 goblins
  5 hobgoblins
  4 jackals (D:2)
  8 kobolds
  4 frilled lizards
  5 rats
51 creatures vanquished.

Notes
Turn   | Place    | Note
-------+----------+-------------------------------------------
     0 | D:1      | empire the Gargoyle Earth Elementalist began the quest for the Orb.
     0 | D:1      | Reached XP level 1. HP: 10/10 MP: 3/3
   203 | D:1      | Reached XP level 2. HP: 11/16 MP: 3/5
  1104 | D:2      | Reached skill level 1 in Fighting
  1108 | D:2      | Reached skill level 1 in Armour
  1108 | D:2      | Reached XP level 3. HP: 20/20 MP: 1/6
  1114 | D:2      | Reached skill level 1 in Maces & Flails
  1737 | D:2      | Found a deep blue altar of Sif Muna.
  1745 | D:2      | Became a worshipper of Sif Muna the Loreminder
  1749 | D:2      | Learned a level 2 spell: Passwall
  1753 | D:2      | Learned a level 3 spell: Stone Arrow
  1848 | D:3      | Reached skill level 4 in Earth Magic
  1848 | D:3      | Reached XP level 4. HP: 21/25 MP: 4/7
  1851 | D:3      | Reached skill level 1 in Transmutations
  1938 | D:3      | Found a glowing drain.
  1973 | Sewer    | Entered a sewer
  2030 | Sewer    | Noticed TryAgain's ghost (weakling DDFi)
  2046 | Sewer    | Gained mutation: You evolve. [potion of beneficial mutation]
  2051 | Sewer    | Mangled by TryAgain's ghost

Skill      XL: |  1  2  3  4 |
---------------+-------------+-----
Fighting       | 1 |  1.3
Armour         | 1 |  1.9
Maces & Flails | 1 |  1.3
Earth Magic    | 4 |  4.2
Transmutations | 1 |  1.2
Dodging        | |  1.5
Stealth        | |  2.1
Spellcasting   | |  2.7
Conjurations   | |  0.9

Action                   |  1- 3 |  4- 6 || total
-------------------------+-------+-------++-------
Melee: Mace              |    80 |    50 ||   130
 Cast: Sandblast         |    37 |    17 ||    54
  Use: Potion            |     1 |     4 ||     5
       Scroll            |     4 |       ||     4
 Stab: Sleeping          |     1 |       ||     1
  Eat: Chunk             |     3 |     1 ||     4
Armor: Robe              |    59 |    30 ||    89
Dodge: Dodged            |   117 |    65 ||   182
Block: Other             |     8 |     8 ||    16
